 Dungeon Crawl Stone Soup version 0.19-a0-1608-g4cf22de (webtiles) character file.

601 4thArraOfDagon the Chopper (level 7, -8/58 HPs)
             Began as a Hill Orc Fire Elementalist on Sept 17, 2016.
             Mangled by an orc warrior
             ... wielding a cursed +0 short sword
              (16 damage)
             ... on level 7 of the Dungeon.
             The game lasted 00:11:01 (1979 turns).

4thArraOfDagon the Chopper (HOFE)                   Turns: 1979, Time: 00:11:02

Health: -8/58      AC: 11    Str:  9 (11) XL:     7   Next: 41%
Magic:  0/8        EV: 10    Int: 20 (21) God:
Gold:   291        SH:  0    Dex:  9 (11) Spells: 3 memorised, 1 level left

rFire  + . .     SeeInvis .     t - +1 hand axe "Saociaclow" {pain, rN+ Int+4}
rCold  + . .     Gourm    .     e - +0 ring mail {rF+}
rNeg   + . .     Faith    .     (no shield)
rPois  .         Spirit   .     (no helmet)
rElec  .         Dismiss  .     l - +2 cloak
rCorr  .         Reflect  .     r - +2 pair of gloves
MR     .....     Harm     .     (no boots)
Stlth  +......... Rnd*Rage +    (no amulet)
                                (no ring)
                                (no ring)

@: very slightly contaminated
A: berserk 1, cold resistance 1, low mp 1
a: no special abilities


You were on level 7 of the Dungeon.
You were not hungry.

You visited 1 branch of the dungeon, and saw 7 of its levels.

You collected 291 gold pieces.

Inventory:

Hand Weapons
 i - a +0 hand axe
 t - the +1 hand axe "Saociaclow" (weapon) {pain, rN+ Int+4}
   (You found it on level 4 of the Dungeon)

   In the hands of one skilled in necromantic magic, it inflicts extra damage on
   living creatures.
   It affects your intelligence (+4).
   It protects you from negative energy.
 x - a +0 battleaxe
Missiles
 o - 4 curare-tipped needles
Armour
 a - a +1 robe
 e - a +0 ring mail of fire resistance (worn)
 l - a +2 cloak (worn)
 r - a +2 pair of gloves (worn)
Magical Staves
 w - an uncursed staff of death {unknown}
Scrolls
 k - a scroll of enchant armour
Potions
 q - a potion of agility
Books
 b - a book of Flames

   Spells                             Type                      Level
   a - Flame Tongue                   Conjuration/Fire             1
   b - Throw Flame                    Conjuration/Fire             2
   c - Conjure Flame                  Conjuration/Fire             3
   d - Inner Flame                    Hexes/Fire                   3
   e - Sticky Flame                   Conjuration/Fire             4
   f - Fireball                       Conjuration/Fire             5
Comestibles
 c - 4 bread rations
 f - a beef jerky
 u - a meat ration


   Skills:
 + Level 3.6 Fighting
 * Level 7.4 Axes
 + Level 3.1 Armour
 - Level 1.5 Dodging
 - Level 1.5 Stealth
 - Level 1.6 Spellcasting
 - Level 1.7 Conjurations
 - Level 3.7 Fire Magic


You had one spell level left.
You knew the following spells:

 Your Spells              Type           Power        Failure   Level  Hunger
a - Flame Tongue          Conj/Fire      ##...        14%         1    #......
b - Conjure Flame         Conj/Fire      ##......     43%         3    ###....
c - Sticky Flame          Conj/Fire      ##......     97%         4    #####..


Dungeon Overview and Level Annotations

Branches:
Dungeon (7/15)
 Temple: D:4-7

Altars:
Kikubaaqudgha

Annotations:
D:6 4thArraOfDagon's ghost, novice TrWr
D:7 Prince Ribbit


Innate Abilities, Weirdness & Mutations

You tend to lose your temper in combat.
Your flesh is cold resistant. (rC+)
Your magical capacity is low. (-10% MP)


Message History

Unknown command.
Unknown command.
Casting: Flame Tongue
Confirm with . or Enter, or press ? or * to list all spells.
Aiming: Flame Tongue
Press: ? - help, Shift-Dir - straight line, f - orc warrior
Aim: an orc warrior, wielding a short sword and wearing a plate armour (lightly wounded)
The flame tongue hits the orc warrior.
The orc warrior is moderately wounded.
The orc warrior misses you.
You hit the orc warrior.
The orc warrior is moderately wounded.
The orc warrior hits you with a short sword.
* * * LOW HITPOINT WARNING * * *
Unknown command.
Unknown command.
You hit the orc warrior.
The orc warrior is heavily wounded.
The orc warrior hits you with a short sword!
You die...

#.. #####..###
.........##
..........#
.ยง........#
.......<..#
o....F....#
.!$.......#########
.F...o....#.#@ooFW#
........o.#.#####.#
#########.#.#####.#
.. ..#....(o...s#
.... #.#...o.#s##.#
.....##.#...#.F.##.#
.....c>............#
$..####.((......####
..........W...##


You could see Prince Ribbit, a phantom, an orc warrior and an orc.

Vanquished Creatures
  A centaur (D:7)
  Blork the orc (D:6)
  A scorpion (D:7)
  A crimson imp (D:5)
  An orc priest (D:6)
  A hound (D:4)
  An orc wizard (D:6)
  A jelly (D:5)
  4 worker ants
  A hound zombie (D:6)
  A hound skeleton (D:4)
  A worker ant zombie (D:7)
  5 adders
  A shadow imp (D:6)
  2 oozes
  An adder zombie (D:5)
  2 worms (D:5)
  A dart slug (D:1)
  4 leopard geckos
  5 orcs
  A ball python (D:1)
  2 bats (D:1)
  2 hobgoblins (D:2)
  12 jackals
  A quokka (D:5)
  2 frilled lizards
  4 goblins
  3 kobolds
  A leopard gecko skeleton (D:4)
  A rat (D:3)
  A fungus (D:1)
66 creatures vanquished.

Notes
Turn   | Place    | Note
-------+----------+-------------------------------------------
     0 | D:1      | 4thArraOfDagon the Hill Orc Fire Elementalist began the quest for the Orb.
     0 | D:1      | Reached XP level 1. HP: 14/14 MP: 3/3
    71 | D:1      | jacquesderrida: Reaver the species
    90 | D:1      | jacquesderrida: I suspect reaver's never been a thing
   100 | D:1      | Reached XP level 2. HP: 20/20 MP: 0/4
   366 | D:2      | Reached skill level 1 in Axes
   392 | D:2      | Reached XP level 3. HP: 21/26 MP: 1/5
   411 | D:2      | Reached skill level 2 in Axes
   421 | D:2      | Learned a level 3 spell: Conjure Flame
   547 | D:4      | Noticed an ogre
   610 | D:4      | Got an encrusted hand axe
   611 | D:4      | Identified the +1 hand axe "Saociaclow" {pain, rN+ Int+4} (You found it on level 4 of the Dungeon)
   613 | D:4      | Reached skill level 3 in Axes
   641 | D:4      | Reached XP level 4. HP: 33/33 MP: 6/6
   706 | D:4      | Reached skill level 4 in Axes
   714 | D:4      | Noticed a hippogriff
   740 | D:5      | Entered Level 5 of the Dungeon
   752 | D:5      | Reached XP level 5. HP: 37/38 MP: 0/7
   770 | D:5      | Reached skill level 5 in Axes
   849 | D:5      | Found an ancient bone altar of Kikubaaqudgha.
  1053 | D:4      | Noticed an ogre
  1126 | D:5      | Reached skill level 1 in Armour
  1226 | D:5      | Reached skill level 1 in Fighting
  1363 | D:6      | Reached XP level 6. HP: 42/47 MP: 1/8
  1404 | D:6      | Reached skill level 6 in Axes
  1612 | D:7      | Learned a level 4 spell: Sticky Flame
  1694 | D:7      | Noticed a phantom
  1781 | D:6      | Noticed Blork the orc
  1790 | D:6      | Killed Blork the orc
  1790 | D:6      | Reached XP level 7. HP: 18/57 MP: 7/9
  1830 | D:6      | Noticed 4thArraOfDagon's ghost (novice TrWr)
  1871 | D:7      | Noticed Prince Ribbit
  1923 | D:7      | Gained mutation: You tend to lose your temper in combat. [potion of mutation]
  1923 | D:7      | Gained mutation: Your flesh is cold resistant. (rC+) [potion of mutation]
  1923 | D:7      | Gained mutation: Your magical capacity is low. (-10% MP) [potion of mutation]
  1926 | D:7      | RIP
  1955 | D:7      | Reached skill level 7 in Axes
  1979 | D:7      | Mangled by an orc warrior

Vault maps used:
D:1:      evilmike_arrival_crescent, minmay_gold_behind_fungi, fountainhead,
          kennysheep_nondescript
D:2:      nicolae_tso_swordbearing_angel, elyvilon_altar_3, first_bread
D:4:      grunt_ministairs_3
D:5:      kiku_gazebo_garden_becter, gup_sewer_entry_bowl, uniq_grinder
D:6:      uniq_blork_the_orc
D:7:      gammafunk_temple_overflow_pools, uniq_prince_ribbit1

Skill      XL: |  1  2  3  4  5  6  7 |
---------------+----------------------+-----
Axes           | 1 3 4 5 6 7 |  7.4
Armour         | 1 2 3 |  3.1
Fighting       | 1 3 |  3.6
Dodging        | |  1.5
Stealth        | |  1.5
Spellcasting   | |  1.6
Conjurations   | |  1.7
Fire Magic     | |  3.7

Action                   |  1- 3 |  4- 6 |  7- 9 || total
-------------------------+-------+-------+-------++-------
Melee: Unarmed           |    34 |       |       ||    34
       Hand axe          |    22 |   191 |    31 ||   244
 Cast: Flame Tongue      |    34 |    35 |     9 ||    78
       Conjure Flame     |       |     1 |       ||     1
  Use: Scroll            |     1 |     8 |     1 ||    10
       Potion            |       |       |    13 ||    13
 Stab: Sleeping          |     2 |       |       ||     2
  Eat: Chunk             |       |     4 |       ||     4
       Pizza             |       |     1 |       ||     1
Armor: Robe              |     8 |     6 |       ||    14
       Ring mail         |       |    90 |    16 ||   106
       Skin              |       |       |    21 ||    21
Dodge: Dodged            |    20 |   102 |    23 ||   145
